 Dungeon Crawl Stone Soup version 0.28.0-49-g6dfe1f597d (webtiles) character file.

Game seed: 14201191273912165058

1656 GigaChad the Protected (level 8, -6/70 HPs)
             Began as a Minotaur Fighter on May 12, 2022.
             Was a Believer of Ashenzari.
             Killed by divine providence
             ... invoked by an orc priest
              (9 damage)
             ... on level 5 of the Dungeon.
             The game lasted 00:14:52 (4751 turns).

GigaChad the Protected (Minotaur Fighter)           Turns: 4751, Time: 00:14:58

Health: -6/70      AC: 18    Str: 26    XL:     8   Next: 68%
Magic:  7/7        EV:  8    Int:  5    God:    Ashenzari [**....]
Gold:   226        SH:  6    Dex: 13    Spells: 7/7 levels left

rFire   . . .      SeeInvis +   n - +3 club (spect)
rCold   . . .      Faith    .   c - +0 buckler
rNeg    . . .      Spirit   .   e - +0 plate armour of the Omniscient Moon {Evo, Melee} (curse)
rPois   .          Reflect  .   (helmet restricted)
rElec   .          Harm     .   (no cloak)
rCorr   .          Rampage  .   (no gloves)
Will    .....                   (no boots)
Stlth   ..........              (no amulet)
HPRegen 0.21/turn               f - ring "Sidereal Repose" {AC+4, Fort, Alch} (curse)
MPRegen 0.10/turn               g - ring "Overhang to Understand" {Str+6, Fort, Bglg} (curse)

@: no status effects
A: horns 2, retaliatory headbutt
a: Renounce Religion, Shatter the Chains


You were on level 5 of the Dungeon.
You worshipped Ashenzari.
Ashenzari was pleased with you.
You visited 1 branch of the dungeon, and saw 5 of its levels.

You collected 226 gold pieces.

Inventory:

Hand Weapons
 a - a +1 long sword
 n - a +3 spectral club (weapon)
 r - a +0 morningstar
Missiles
 v - 6 atropa-tipped darts (quivered)
 z - 3 poisoned darts
Armour
 b - a +0 scale mail
 c - a +0 buckler (worn)
 e - the cursed +0 plate armour of the Omniscient Moon (worn) {Evo, Melee}
   (You found it on level 4 of the Dungeon)

   It has a curse which improves the following skills: Evocations: Evocations.
   Melee Combat: Short Blades, Long Blades, Axes, Maces & Flails, Polearms,
   Staves and Unarmed Combat.
Jewellery
 f - the cursed ring "Sidereal Repose" (left hand) {AC+4, Fort, Alch}
   (You found it on level 1 of the Dungeon)

   [ring of protection]

   AC:        It affects your AC (+4).
   It has a curse which improves the following skills: Fortitude: Armour and
   Shields.
   Alchemy:   Poison Magic and Transmutations.
 g - the cursed ring "Overhang to Understand" (right hand) {Str+6, Fort, Bglg}
   (You found it on level 1 of the Dungeon)

   [ring of strength]

   Str:       It affects your strength (+6).
   It has a curse which improves the following skills: Fortitude: Armour and
   Shields.
   Beguiling: Conjurations, Hexes and Translocations.
 h - an amulet of magic regeneration
 w - a ring of resist corrosion
 x - a ring of magical power
Scrolls
 j - a scroll of teleportation
 t - a scroll of identify
 u - a scroll of torment
 y - 2 scrolls of summoning
Potions
 d - 3 potions of might
 i - a potion of degeneration
 k - a potion of brilliance
 l - 2 potions of haste
 m - 4 potions of curing
 o - a potion of heal wounds
 p - a potion of mutation
 q - a potion of resistance
 s - a potion of attraction


   Skills:
 + Level 6.0 Fighting
 + Level 5.0(6.2) Long Blades
 + Level 5.4(6.6) Maces & Flails
 + Level 8.5(10.5) Armour
 + Level 3.0 Dodging
 + Level 1.3 Stealth
 + Level 5.9(7.8) Shields


You had 7 spell levels left.
You didn't know any spells.
Your spell library contained the following spells:

 Spells                   Type           Power      Damage    Failure   Level
 Summon Small Mammal      Summ           0%         N/A       99%         1
 Call Canine Familiar     Summ           0%         N/A       100%        3
 Summon Guardian Golem    Hex/Summ       0%         N/A       100%        3
 Summon Ice Beast         Ice/Summ       0%         N/A       100%        4
 Summon Mana Viper        Hex/Summ       0%         N/A       100%        5
 Monstrous Menagerie      Summ           0%         N/A       100%        7


Dungeon Overview and Level Annotations

Branches:
Dungeon (5/15)
 Temple: D:4-7

Altars:
Ashenzari
Dithmenos
Elyvilon
Fedhas
Okawaru
Qazlal
Trog
Yredelemnul
The Shining One

Shops:
D:1 (


Innate Abilities, Weirdness & Mutations

You have a pair of horns on your head.
You reflexively headbutt those who attack you in melee.


Message History

You block the orc's attack.
You hit the orc priest. You headbutt the orc priest.
The orc priest is moderately wounded.
You block the orc's attack. You block the orc priest's attack.
You hit the orc priest.
The orc priest is heavily wounded.
The orc hits you but does no damage.
The orc priest casts a cantrip, but nothing happens.
You hit the orc priest but do no damage.
The orc priest is heavily wounded.
You block the orc's attack.
The orc priest calls down the wrath of Beogh upon you.
Pain shoots through your body!
You hit the orc priest.
The orc priest is heavily wounded.
The orc hits you but does no damage.
The orc priest looks satisfied for a moment.
You hit the orc priest. Your headbutt misses the orc priest.
The orc priest is severely wounded.
You block the orc's attack. The orc priest closely misses you.
You hit the orc priest.
The orc priest is almost dead.
The orc hits you from afar with a +0 trident.
The orc priest hits you with a +0 flail.
The orc hits you from afar with a +0 trident.
* * * LOW HITPOINT WARNING * * *
You closely miss the orc priest.
The orc priest is almost dead.
The orc priest calls down the wrath of Beogh upon you.
Beogh smites you!
* * * LOW HITPOINT WARNING * * *
The orc closely misses you.
You closely miss the orc priest. Your headbutt misses the orc priest.
The orc priest is almost dead.
The orc priest hits you with a +0 flail.
* * * LOW HITPOINT WARNING * * *
The orc barely misses you.
The orc priest mumbles some strange prayers to Beogh against you.
Beogh smites you!
You die...

..# ####.# #####
,, ### #....# , *
* #.#### ' #.# ,
#.# # * #.#
########.## * #.#
#.........#.
#.#####.##o.......
*
#.......@oo#....#.
* #######.####
#.## #.# # * #.#*
* #.. , ###


You could see an orc priest and 2 orcs.

Vanquished Creatures
  A wyvern (D:4)
  2 sky beasts (D:5)
  2 ogres (D:5)
  2 phantoms (D:5)
  3 scorpions (D:5)
  Blork the orc (D:5)
  2 bullfrog zombies (D:5)
  5 hounds
  2 jellies (D:5)
  A gnoll shaman (D:5)
  2 orc priests
  Jessica (D:2)
  2 iguanas
  3 orc wizards
  A hound zombie (D:5)
  Robin (D:3)
  A howler monkey skeleton (D:4)
  7 adders
  A shadow imp (D:3)
  An ufetubus (D:5)
  2 worms (D:5)
  4 dart slugs
  25 orcs
  5 ball pythons
  8 bats
  7 endoplasms
  3 giant cockroaches
  12 goblins
  6 hobgoblins
  15 jackals
  11 kobolds
  3 quokkas
  3 frilled lizards
  7 rats
152 creatures vanquished.

Vanquished Creatures (others)
  4 fungi (D:3)
  3 plants (D:3)
7 creatures vanquished.

Grand Total: 159 creatures vanquished

Notes
Turn   | Place    | Note
-------+----------+-------------------------------------------
     0 | D:1      | GigaChad the Minotaur Fighter began the quest for the Orb.
     0 | D:1      | Reached XP level 1. HP: 19/19 MP: 0/0
   255 | D:1      | Reached XP level 2. HP: 26/27 MP: 1/1
   343 | D:1      | Reached skill level 4 in Armour
   459 | D:1      | Found Fiqipi's Weapon Shop.
   537 | D:1      | Reached XP level 3. HP: 33/33 MP: 2/2
   878 | D:2      | Reached XP level 4. HP: 41/41 MP: 3/3
   913 | D:2      | Reached skill level 1 in Dodging
   987 | D:2      | Found a faded altar of an unknown god.
  1041 | D:2      | Noticed Jessica
  1050 | D:2      | Killed Jessica
  1402 | D:3      | Reached XP level 5. HP: 47/47 MP: 4/4
  1490 | D:3      | Noticed Robin
  1499 | D:3      | Killed Robin
  1595 | D:3      | Found a blossoming altar of Fedhas.
  1605 | D:3      | Found a stormy altar of Qazlal.
  1997 | D:3      | Found a white marble altar of Elyvilon.
  1999 | D:3      | Found a glowing golden altar of the Shining One.
  2004 | D:3      | Found a broken altar of Ashenzari.
  2009 | D:3      | Found a basalt altar of Yredelemnul.
  2018 | D:3      | Reached skill level 5 in Long Blades
  2018 | D:3      | Reached skill level 1 in Maces & Flails
  2018 | D:3      | Reached XP level 6. HP: 33/55 MP: 5/5
  2018 | D:3      | Found an iron altar of Okawaru.
  2020 | D:3      | Became a worshipper of Ashenzari the Shackled
  2814 | D:4      | Reached skill level 5 in Armour
  2878 | D:4      | Noticed a wyvern
  2885 | D:4      | Killed a wyvern
  2886 | D:4      | Reached skill level 5 in Fighting
  2938 | D:4      | Reached XP level 7. HP: 48/61 MP: 6/6
  3333 | D:4      | Found a shadowy altar of Dithmenos.
  3411 | D:5      | Entered Level 5 of the Dungeon
  3472 | D:5      | Reached skill level 6 in Armour
  3472 | D:5      | Reached skill level 1 in Stealth
  3503 | D:5      | Reached * piety under Ashenzari
  3532 | D:5      | Noticed Blork the orc
  3541 | D:5      | Killed Blork the orc
  3543 | D:5      | Found a bloodstained altar of Trog.
  3707 | D:5      | Reached XP level 8. HP: 53/70 MP: 7/7
  3802 | D:5      | Reached skill level 7 in Armour
  3807 | D:5      | Reached skill level 5 in Shields
  4411 | D:5      | Reached ** piety under Ashenzari
  4469 | D:5      | Reached skill level 5 in Maces & Flails
  4469 | D:5      | Reached skill level 8 in Armour
  4751 | D:5      | HP: 3/70 [orc priest/+0 flail (6)]
  4751 | D:5      | Killed from afar by an orc priest

Illustrated notes

Levels and vault maps discovered:
D:1:      amcnicky_arrival_gap_in_the_tavern_cellar, layout_basic, serial_shops,
          nicolae_shop_window_shopping, minmay_split_cup_small
D:2:      layout_loops_ring, nicolae_ecumenical_lake_church, uniq_jessica
D:3:      layout_rooms, grunt_temple_overflow_forces_of_nature,
          nicolae_overflow_hallway_of_the_gods, uniq_robin
D:4:      layout_layer_cave, grunt_dithmenos_smoke_and_mirrors
D:5:      cheibrodos_fzero, layout_loops_corners,
          mainiacjoe_overflow_cross_hatched, minmay_puff, uniq_blork_the_orc,
          uniq_crazy_yiuf_cottage

Skill      XL: |  1  2  3  4  5  6  7  8 |
---------------+-------------------------+-----
Fighting       | 4 5 6 |  6.0
Armour         | 4 5 6 8 |  8.5
Shields        | 4 5 |  5.9
Long Blades    | 3 4 5 |  5.0
Dodging        | 1 2 3 |  3.0
Maces & Flails | 1 2 4 5 |  5.4
Stealth        | 1 |  1.3

Action                   |  1- 3 |  4- 6 |  7- 9 || total
-------------------------+-------+-------+-------++-------
Melee: Long sword        |    64 |    29 |       ||    93
       Headbutt          |     8 |    18 |    20 ||    46
       Club              |       |    95 |   117 ||   212
Invok: Curse Item        |       |     1 |     2 ||     3
  Use: Scroll            |       |     9 |       ||     9
Armor: Scale mail        |    40 |    63 |       ||   103
       Plate armour      |       |    17 |   121 ||   138
Dodge: Dodged            |    39 |    74 |    77 ||   190
Block: Buckler           |    18 |    26 |    54 ||    98
